 Dungeon Crawl Stone Soup version 0.24-a0-537-g2d01d4ab0a (webtiles) character file.

Game seed: 2892492320871541419

16119 Kae the Spear-Bearer (level 12, -1/103 HPs)
             Began as a Merfolk Gladiator on Aug 12, 2019.
             Was a High Priest of Okawaru.
             Slain by an ice beast (8 damage)
             ... summoned by Fannar
             ... on level 3 of the Lair of Beasts.
             The game lasted 00:16:22 (16716 turns).

Kae the Spear-Bearer (Merfolk Gladiator)           Turns: 16716, Time: 00:16:22

Health: -1/103     AC: 13    Str: 17    XL:     12   Next: 34%
Magic:  27/27      EV: 23    Int:  9    God:    Okawaru [*****.]
Gold:   656        SH:  0    Dex: 16    Spells: 11/11 levels left

rFire    + + .     SeeInvis +   b - +4 spear (venom)
rCold    . . .     Gourm    .   (no shield)
rNeg     . . .     Faith    .   z - +3 salamander hide armour {+Rage rF++}
rPois    .         Spirit   .   e - +2 hat
rElec    .         Reflect  .   J - +2 cloak {MR+}
rCorr    .         Harm     .   (no gloves)
MR       +....                  (no boots)
Stlth    +++.......             g - amulet of the acrobat
HPRegen  0.27/turn              M - ring of magical power
MPRegen  0.20/turn              i - ring of see invisible

@: heroism, starving
A: change form in water, swift swim, stealthy swim
a: Heroism, Finesse, Renounce Religion, Evoke Berserk Rage


You were on level 3 of the Lair of Beasts.
You worshipped Okawaru.
Okawaru was extremely pleased with you.
You were starving.

You visited 3 branches of the dungeon, and saw 13 of its levels.

You collected 656 gold pieces.

Inventory:

Hand Weapons
 a - a +1 trident
 b - a +4 spear of venom (weapon)
Missiles
 d - 6 throwing nets (quivered)
Armour
 e - a +2 hat (worn)
 z - the +3 salamander hide armour (worn) {+Rage rF++}
   (You found it on level 5 of the Dungeon)

   It greatly protects you from fire.
   It lets you go berserk.
 J - a +2 cloak of magic resistance (worn)
Jewellery
 g - an amulet of the acrobat (around neck)
 i - a ring of see invisible (right hand)
 l - an uncursed ring of fire
 m - a +1 ring of protection
 r - an uncursed ring of flight
 w - a +1 ring of protection
 x - a +1 ring of protection
 M - a ring of magical power (left hand)
Wands
 c - a wand of scattershot (3)
 K - a wand of digging (4)
Scrolls
 h - 3 scrolls of enchant armour
 k - 7 scrolls of teleportation
 q - a scroll of immolation
 t - 4 scrolls of remove curse
 y - 3 scrolls of magic mapping
 A - 2 scrolls of enchant weapon
 B - a scroll of amnesia
 G - a scroll of acquirement {unknown}
 H - 2 scrolls of identify
 L - a scroll of fog
Potions
 j - 4 potions of mutation
 n - 2 potions of heal wounds
 o - 3 potions of curing
 p - a potion of might
 s - a potion of haste
 u - a potion of flight
 v - 3 potions of cancellation
 C - a potion of agility
 D - 2 potions of magic
 E - 3 potions of lignification
 F - a potion of experience
 I - a potion of invisibility
Comestibles
 f - 21 rations


   Skills:
 + Level 12.3(17.3) Fighting
 - Level 14.3(19.3) Polearms
 - Level 2.0(7.0) Throwing
 - Level 6.0(11.0) Armour
 * Level 9.6(14.6) Dodging
 + Level 8.2 Invocations


You had 11 spell levels left.
You didn't know any spells.
Your spell library contained the following spells:

 Spells                   Type           Power        Failure   Level  Hunger
 Animate Skeleton         Necr           N/A          43%         1    ##.....
 Apportation              Tloc           #.....       43%         1    ##.....
 Confusing Touch          Hex            #.....       43%         1    ##.....
 Corona                   Hex            #......      43%         1    ##.....
 Summon Small Mammal      Summ           #...         43%         1    ##.....
 Slow                     Hex            #.......     56%         2    ###....
 Inner Flame              Hex/Fire       #.......     80%         3    ####...
 Portal Projectile        Hex/Tloc       #.....       80%         3    ####...
 Cause Fear               Hex            #.........   99%         4    #####..
 Leda's Liquefaction      Hex/Erth       #.........   99%         4    #####..
 Bolt of Magma            Conj/Fire/Erth #.........   100%        5    ######.
 Irradiate                Conj/Tmut      #.........   100%        5    ######.
 Iskenderun's Battlesphe  Conj/Chrm      #.......     100%        5    ######.
 Venom Bolt               Conj/Pois      #.........   100%        5    ######.
 Hydra Form               Tmut           #.........   100%        6    #######
 Iron Shot                Conj/Erth      #.........   100%        6    #######
 Statue Form              Tmut/Erth      #........    100%        6    #######
 Dragon Form              Tmut           #.........   100%        7    #######
 Orb of Destruction       Conj           #.........   100%        7    #######
 Spellforged Servitor     Conj/Summ      #.........   100%        7    #######


Dungeon Overview and Level Annotations

Branches:
Dungeon (9/15)             Temple (1/1) D:4            Lair (3/6) D:8
  Swamp (0/4) Lair:3       Spider (0/4) Lair:2
    Orc: D:9-12

Altars:
Ashenzari
Cheibriados
Dithmenos
Elyvilon
Fedhas
Gozag
Hepliaklqana
Kikubaaqudgha
Makhleb
Nemelex Xobeh
Okawaru
Qazlal
Ru
Sif Muna
Trog
Uskayaw
Vehumet
Wu Jian
Xom
Yredelemnul
Zin
The Shining One
Beogh

Shops:
D:9 (

Annotations:
D:5 1 runed translucent door, pentaxis93's ghost, novice SpEn
D:8 1 runed translucent door, skumtomte's ghost, novice MfTm
Lair:3 Fannar


Message History

Unknown command.
Unknown command.
Unknown command.
You puncture Fannar!
Fannar looks as sick as possible!
Fannar is almost dead.
The ice beast closely misses you.
Unknown command.
You closely miss Fannar.
Fannar is almost dead.
Fannar hits you with a +0 quarterstaff of freezing.
* * * LOW HITPOINT WARNING * * *
Fannar freezes you.
* * * LOW HITPOINT WARNING * * *
The ice beast misses you.
You barely miss Fannar.
Fannar is almost dead.
The ice beast hits you.
* * * LOW HITPOINT WARNING * * *
The ice beast freezes you!
You die...

..#
....##....##
.##
...........#
..#
....##.....#
..# ....
#.....# .##
....##....##
.#
.....#.....#
.#
....P$....##
..
.....P..Y.#
.P#
....#..@Y.#


PP# ....#...e..# P.# ... ##.....# .. #....## ...... .......# .......## .......#
You could see Fannar and 2 ice beasts.

Vanquished Creatures
  2 hydras
  2 spiny frogs
  A komodo dragon (Lair:1)
  A kobold demonologist (D:9)
  A queen bee (Lair:1)
  A polar bear (Lair:1)
  3 hornets
  Grinder (D:5)
  4 hippogriffs
  24 yaks
  2 wyverns (D:8)
  A hungry ghost (D:9)
  2 basilisks (D:8)
  2 soldier ants (D:8)
  6 water moccasins
  An ice beast (D:8)
  2 porcupines
  3 orc warriors
  A black bear (D:5)
  3 phantoms
  A necrophage (D:5)
  5 ogres
  4 centaurs
  4 crocodiles
  22 big kobolds (D:9)
  7 bullfrogs
  3 gnoll sergeants
  A water moccasin zombie (D:6)
  A water moccasin skeleton (D:6)
  4 scorpions
  11 killer bees
  5 howler monkeys
  3 wights (D:8)
  2 bullfrog zombies
  2 crimson imps
  6 hounds
  2 jellies
  4 orc priests (D:8)
  Crazy Yiuf (D:4)
  A centaur skeleton (D:8)
  3 bullfrog skeletons
  4 iguanas
  9 orc wizards
  7 worker ants
  12 gnolls
  8 adders
  2 shadow imps
  2 oozes
  An adder zombie (D:6)
  2 adder skeletons (D:8)
  4 dart slugs
  4 leopard geckos
  42 orcs
  A giant cockroach (D:4)
  5 goblins
  10 hobgoblins
  6 jackals
  13 kobolds
  3 quokkas
  2 ball pythons
  6 bats
  4 frilled lizards (D:1)
  A giant cockroach zombie (D:5)
  A leopard gecko skeleton (D:4)
  A quokka zombie (D:7)
  2 rats (D:1)
307 creatures vanquished.

Vanquished Creatures (others)
  9 fungi
  5 plants
14 creatures vanquished.

Grand Total: 321 creatures vanquished

Notes
Turn   | Place    | Note
-------+----------+-------------------------------------------
     0 | D:1      | Kae the Merfolk Gladiator began the quest for the Orb.
     0 | D:1      | Reached XP level 1. HP: 16/16 MP: 1/1
   278 | D:1      | Reached skill level 5 in Polearms
   363 | D:1      | Reached XP level 2. HP: 16/22 MP: 2/2
   638 | D:1      | You fall into a shaft and drop 1 floor!
   648 | D:2      | Reached skill level 6 in Polearms
   648 | D:2      | Reached XP level 3. HP: 23/27 MP: 3/3
  1514 | D:2      | Reached XP level 4. HP: 33/33 MP: 4/4
  1526 | D:2      | Reached skill level 7 in Polearms
  2319 | D:3      | Found a shattered altar of Ashenzari.
  2341 | D:3      | Reached skill level 8 in Polearms
  2807 | D:3      | Found an ornate altar of the Wu Jian Council.
  2807 | D:3      | Found a faded altar of an unknown god.
  2817 | D:3      | Reached XP level 5. HP: 36/38 MP: 5/5
  2819 | D:3      | Found a sparkling altar of Nemelex Xobeh.
  2821 | D:3      | Found an ancient bone altar of Kikubaaqudgha.
  2823 | D:3      | Found a shattered altar of Ashenzari.
  3076 | D:4      | Found a basalt altar of Yredelemnul.
  3127 | D:4      | Found a stormy altar of Qazlal.
  3163 | D:4      | Reached skill level 9 in Polearms
  3187 | D:4      | Reached XP level 6. HP: 41/44 MP: 6/6
  3292 | D:4      | Found a runed translucent door.
  3293 | D:4      | Noticed Crazy Yiuf
  3360 | D:4      | Reached skill level 10 in Polearms
  3385 | D:4      | Found a staircase to the Ecumenical Temple.
  3407 | Temple   | Entered the Ecumenical Temple
  3491 | Temple   | Became a worshipper of Warmaster Okawaru
  4009 | D:3      | Reached skill level 11 in Polearms
  4009 | D:3      | Reached XP level 7. HP: 49/50 MP: 7/7
  4056 | D:4      | Reached * piety under Okawaru
  4336 | D:4      | Killed Crazy Yiuf
  4546 | D:5      | Entered Level 5 of the Dungeon
  4571 | D:5      | Reached skill level 12 in Polearms
  4812 | D:5      | Found the +3 salamander hide armour {+Rage rF++}
  4838 | D:5      | Reached XP level 8. HP: 36/55 MP: 8/8
  4965 | D:5      | Reached skill level 13 in Polearms
  5411 | D:5      | Noticed Grinder
  5429 | D:5      | Killed Grinder
  5429 | D:5      | Reached ** piety under Okawaru
  5429 | D:5      | Reached skill level 14 in Polearms
  5501 | D:5      | Found a runed translucent door.
  5501 | D:5      | Noticed pentaxis93's ghost (novice SpEn)
  5721 | D:6      | Reached skill level 1 in Invocations
  5912 | D:6      | Found a snail-covered altar of Cheibriados.
  6058 | D:6      | Reached skill level 1 in Armour
  6094 | D:6      | Reached XP level 9. HP: 52/63 MP: 9/11
  7159 | D:6      | Noticed a hornet
  7171 | D:6      | Killed a hornet
  7171 | D:6      | Reached *** piety under Okawaru
  7579 | D:7      | Reached skill level 5 in Fighting
  8047 | D:8      | Noticed a hornet
  8303 | D:7      | Reached skill level 5 in Invocations
  8463 | D:7      | Killed a hornet
  8463 | D:7      | Reached **** piety under Okawaru
  8828 | D:8      | Reached XP level 10. HP: 48/77 MP: 14/14
  8971 | D:8      | Found a runed translucent door.
  8992 | D:8      | Found a runed translucent door.
  8992 | D:8      | Found a shimmering altar of Xom.
  8992 | D:8      | Noticed a +2 spear of chaos
  8992 | D:8      | Noticed skumtomte's ghost (novice MfTm)
  8995 | D:8      | Found a staircase to the Lair.
  9322 | D:8      | Got a spiked buckler
  9328 | D:8      | Identified the cursed -3 buckler of Generosity {+Inv rF-
                  | Str+4 Dex+2} (You found it on level 8 of the Dungeon)
  9603 | D:8      | Reached ***** piety under Okawaru
  9726 | D:8      | Paralysed by a hornet for 3 turns
 10517 | D:8      | Reached skill level 5 in Armour
 10701 | D:8      | Found a roughly hewn altar of Beogh.
 10884 | D:9      | Received a gift from Okawaru
 11091 | D:9      | Found a shimmering blue altar of Sif Muna.
 11172 | D:9      | Noticed a kobold demonologist
 11182 | D:9      | Killed a kobold demonologist
 11222 | D:9      | Reached XP level 11. HP: 89/89 MP: 16/16
 11432 | D:9      | Reached skill level 10 in Fighting
 11456 | D:9      | Found Rebraof's Antique Weapon Shop.
 12120 | Lair:1   | Entered Level 1 of the Lair of Beasts
 13787 | Lair:2   | Noticed a six-headed hydra
 14046 | Lair:1   | Received a gift from Okawaru
 14046 | Lair:1   | Reached skill level 5 in Dodging
 14749 | Lair:1   | Reached XP level 12. HP: 54/102 MP: 18/18
 15072 | Lair:2   | HP: 2/102 [six-headed hydra (8)]
 15573 | Lair:2   | Found a hole to the Spider Nest.
 15928 | Lair:2   | Killed a six-headed hydra
 16308 | Lair:3   | Found a staircase to the Swamp.
 16339 | Lair:3   | Noticed a six-headed hydra
 16353 | Lair:3   | Killed a six-headed hydra
 16670 | Lair:3   | Noticed Fannar
 16716 | Lair:3   | Slain by an ice beast

Levels and vault maps discovered:
D:1:      dpeg_arrival_stonehenge_8_columns, layout_basic,
          kennysheep_another_room
D:2:      layout_loops_cross, first_ration
D:3:      layout_loops_cross, chequers_temple_overflow_minitemple,
          cheibrodos_ashenzari_chains
D:4:      layout_rooms, yredelemnul_altar_generic,
          minmay_temple_entry_antechambers, nicolae_qazlal_general_emergency,
          uniq_crazy_yiuf_cottage
D:5:      layout_basic, gammafunk_ghost_grave, solitary_fountain, uniq_grinder
D:6:      layout_basic, basic_altar
D:7:      layout_basic, serial_rivers, chequers_serial_rivers_small_b,
          chequers_serial_rivers_large_a, chequers_serial_rivers_micro_b,
          chequers_serial_rivers_small_b, chequers_serial_rivers_room_a
D:8:      layout_cave_pods, david_lair_generic, ebering_ghost_xom,
          hangedman_pestilent_swarm, minmay_holes, grunt_decor_one_mirror,
          lightli_church_of_beogh
D:9:      layout_roguey [special_room_kobold], lemuel_blue_sif_altar,
          serial_shops, shop
Temple:   lightli_temple_of_artemis
Lair:1:   layout_loops_ring, serial_bayou_shore_a
Lair:2:   layout_loops_ring, dummy_spider_entry, special_room
          [special_room_bee], infiniplex_staircase_pool_2
Lair:3:   layout_long_grid, skrybe_swamp_entry_bodies, st_stairs_7,
          small_statue_intersection, uniq_fannar

Skill      XL: |  1  2  3  4  5  6  7  8  9 10 11 12 |
---------------+-------------------------------------+-----
Polearms       | 5 6 8 9 11 12 14 | 14.3
Invocations    | 2 5 7 8 |  8.2
Fighting       | 3 6 9 12 | 12.3
Armour         | 1 3 5 6 |  6.0
Dodging        | 6 9 |  9.6
Throwing       | |  2.0

Action                   |  1- 3 |  4- 6 |  7- 9 | 10-12 || total
-------------------------+-------+-------+-------+-------++-------
Melee: Trident           |    98 |   192 |   257 |       ||   547
       Spear             |       |       |   116 |  1008 ||  1124
       Punch             |       |       |       |     8 ||     8
       Tailslap          |       |       |       |     1 ||     1
Throw: Throwing net      |       |     1 |       |       ||     1
Invok: Heroism           |       |       |     1 |    10 ||    11
Evoke: Wand              |       |       |     2 |     2 ||     4
  Use: Scroll            |       |    12 |     5 |    10 ||    27
       Potion            |       |       |     1 |     4 ||     5
 Stab: Sleeping          |     1 |     5 |     3 |     1 ||    10
  Eat: Chunk             |     2 |     4 |    14 |    21 ||    41
       Ration            |       |     1 |       |     2 ||     3
Armor: Leather armour    |    18 |    43 |    55 |   158 ||   274
       Skin              |       |       |       |    21 ||    21
Dodge: Dodged            |    43 |   130 |   135 |   467 ||   775

Table legend:
 A = Non-vault XP
 B = Vault XP
 C = Vault XP percentage of total XP
 D = Non-vault monster count
 E = Vault monster count
 F = Vault count percentage of total count
                 A         B        C        D         E       F
            +---------+---------+-------+---------+---------+-------
      Total |   17114 |    5914 |  25.7 |     233 |      74 |  24.1
            +---------+---------+-------+---------+---------+-------
        D:1 |      36 |       0 |   0.0 |      24 |       0 |   0.0
        D:2 |      67 |       0 |   0.0 |      14 |       0 |   0.0
        D:3 |     222 |       0 |   0.0 |      13 |       0 |   0.0
        D:4 |     527 |      40 |   7.1 |      23 |       1 |   4.2
        D:5 |     719 |     281 |  28.1 |      18 |       1 |   5.3
        D:6 |    1306 |       0 |   0.0 |      20 |       0 |   0.0
        D:7 |     760 |     206 |  21.3 |       7 |       1 |  12.5
        D:8 |    1926 |    1603 |  45.4 |      41 |      32 |  43.8
        D:9 |    1560 |    2405 |  60.7 |      28 |      26 |  48.1
     Lair:1 |    5728 |     505 |   8.1 |      30 |       4 |  11.8
     Lair:2 |    3048 |     492 |  13.9 |      12 |       8 |  40.0
     Lair:3 |    1215 |     382 |  23.9 |       3 |       1 |  25.0
            +---------+---------+-------+---------+---------+-------
